 Dungeon Sprint DCSS version 0.29.1-2-gbd0b4ee654 (webtiles) character file.

Game seed: 11308020428400335503

298 boopmooplesden the Carver (level 8, -4/81 HPs)
             Began as a Minotaur Fighter on Nov 21, 2022.
             Slain by the 27-headed Lernaean hydra (11 damage)
             ... in the Dungeon (Sprint VI: "Thunderdome").
             The game lasted 00:03:21 (587 turns).

boopmooplesden the Carver (Minotaur Fighter)         Turns: 587, Time: 00:03:22

Health: -4/81      AC: 12    Str: 24    XL:     8   Next: 58%
Magic:  7/7        EV: 22    Int:  2    God:
Gold:   79         SH:  0    Dex: 18    Spells: 7/7 levels left

rFire   . . .      SeeInvis +   e - +4 great sword
rCold   . . .      Faith    .   (shield currently unavailable)
rNeg    . . .      Spirit   .   b - +0 scale mail
rPois   +          Reflect  .   (helmet restricted)
rElec   +          Harm     .   r - +0 cloak
rCorr   +          Rampage  .   s - +0 pair of gloves of the Equator {rPois rCorr Int-3 Dex+2}
Will    +....      NoTele   +   (no boots)
Stlth   ..........              o - amulet of Tamemepaw {rF+ Regen+ rCorr SInv Stlth-}
HPRegen 1.03/turn               p - ring "Teiddats" {rElec rF- EV+4 SInv}
MPRegen 0.10/turn               q - ring of Fehet Ulirue {*Slow Will+ EV+4 Str+2 Dex+5}

@: no status effects
A: horns 2, retaliatory headbutt
a: no special abilities


You were in the Dungeon.
You visited 1 branch You collected 600 gold pieces.
You spent 521 gold pieces at shops.

Inventory:

Hand Weapons
 a - a +0 long sword
 e - a +4 great sword (weapon)
Armour
 b - a +0 scale mail (worn)
 c - a +0 buckler
 r - a +0 cloak (worn)
 s - the +0 pair of gloves of the Equator (worn) {rPois rCorr Int-3 Dex+2}
   (You bought it in a shop in the Dungeon)

   Int:       It affects your intelligence (-3).
   Dex:       It affects your dexterity (+2).
   rPois:     It protects you from poison.
   rCorr:     It protects you from acid and corrosion.
Jewellery
 o - the amulet of Tamemepaw (around neck) {rF+ Regen+ rCorr SInv Stlth-}
   (You bought it in a shop in the Dungeon)

   [amulet of regeneration]

   rF:        It protects you from fire.
   SInv:      It lets you see invisible.
   Regen:     It increases your rate of health regeneration.
   rCorr:     It protects you from acid and corrosion.
   Stlth:     It makes you less stealthy.
 p - the ring "Teiddats" (left hand) {rElec rF- EV+4 SInv}
   (You bought it in a shop in the Dungeon)

   [ring of evasion]

   EV:        It affects your evasion (+4).
   rF:        It makes you vulnerable to fire.
   rElec:     It insulates you from electricity.
   SInv:      It lets you see invisible.
 q - the ring of Fehet Ulirue (right hand) {*Slow Will+ EV+4 Str+2 Dex+5}
   (You bought it in a shop in the Dungeon)

   [ring of evasion]

   EV:        It affects your evasion (+4).
   Str:       It affects your strength (+2).
   Dex:       It affects your dexterity (+5).
   *Slow:     It may slow you when you take damage.
   Will:      It increases your willpower.
Wands
 l - a wand of light (5)
 m - a wand of roots (4)
Scrolls
 j - 4 scrolls of blinking
 n - 3 scrolls of butterflies
Potions
 d - a potion of might
 f - 3 potions of heal wounds
 g - 4 potions of haste
 h - 2 potions of magic
 i - a potion of berserk rage
 k - a potion of resistance


   Skills:
 + Level 10.9 Fighting
 + Level 12.5 Long Blades
 + Level 11.0 Armour
 + Level 6.8 Dodging
 + Level 0.2 Stealth
 + Level 11.2 Shields


You had 7 spell levels left.
You didn't know any spells.
Your spell library was empty.

Dungeon Overview and Level Annotations

Branches:
Dungeon (1/1)

Altars:
Cheibriados
Dithmenos
Fedhas
Gozag
Kikubaaqudgha
Makhleb
Okawaru
Qazlal
Ru
Sif Muna
Trog
Uskayaw
Vehumet
Wu Jian
Xom
Yredelemnul
Zin
The Shining One
Lugonu

Shops:
D *[??*?*:[((!!!!

Annotations:
D Lernaean hydra


Innate Abilities, Weirdness & Mutations

You have a pair of horns on your head.
You reflexively headbutt those who attack you in melee.


Message History

The 27-headed Lernaean hydra struggles to escape constriction.
The grasping roots constrict the 27-headed Lernaean hydra.
The roots release their grip on the 27-headed Lernaean hydra.
You barely miss the 27-headed Lernaean hydra.
The 27-headed Lernaean hydra is lightly wounded.
The 27-headed Lernaean hydra bites you but does no damage.
The 27-headed Lernaean hydra bites you!
The 27-headed Lernaean hydra bites you but does no damage. x3
The 27-headed Lernaean hydra misses you.
The 27-headed Lernaean hydra bites you but does no damage.
The 27-headed Lernaean hydra barely misses you.
The 27-headed Lernaean hydra bites you. x2
The 27-headed Lernaean hydra bites you! x2
The 27-headed Lernaean hydra completely misses you.
The 27-headed Lernaean hydra bites you.
The 27-headed Lernaean hydra bites you but does no damage. x2
The 27-headed Lernaean hydra bites you.
The 27-headed Lernaean hydra misses you.
The 27-headed Lernaean hydra bites you but does no damage.
The 27-headed Lernaean hydra closely misses you.
The 27-headed Lernaean hydra bites you but does no damage.
The 27-headed Lernaean hydra closely misses you.
The 27-headed Lernaean hydra bites you! x2
* * * LOW HITPOINT WARNING * * *
The 27-headed Lernaean hydra closely misses you.
The 27-headed Lernaean hydra bites you but does no damage. x2
Unknown command.
You barely miss the 27-headed Lernaean hydra.
You headbutt the 27-headed Lernaean hydra!
The 27-headed Lernaean hydra is lightly wounded.
The 27-headed Lernaean hydra bites you.
* * * LOW HITPOINT WARNING * * *
The 27-headed Lernaean hydra bites you but does no damage. x2
The 27-headed Lernaean hydra completely misses you.
The 27-headed Lernaean hydra bites you.
* * * LOW HITPOINT WARNING * * *
The 27-headed Lernaean hydra bites you.
* * * LOW HITPOINT WARNING * * *
The 27-headed Lernaean hydra bites you!
You die...

#⌠..[........⌠#
######.8.........8.######
##..__......###......___∩##
###∩........8.# #.8........∩##
##.............###.............
#⌠..........###...###..........
#⌠..........# #.<.# #..........
#⌠..........###...###..........
##............@###.............
###∩........8D# #.8........∩##
##∩___....[.###.......__∩##
######.8.........8.######
#⌠...........⌠# ###.........###
#........_# #_......._#
#_........#


You could see the 27-headed Lernaean hydra.

Vanquished Creatures
  A wraith (D)
  7 fire bats (D)
  3 scorpions (D)
  3 wights (D)
  2 killer bees (D)
  A spectral adder (D)
  2 adder skeletons (D)
  A bat skeleton (D)
  A ball python zombie (D)
  A giant cockroach zombie (D)
  2 spectral quokkas (D)
24 creatures vanquished.

Notes
Turn   | Place    | Note
-------+----------+-------------------------------------------
     0 | D        | boopmooplesden the Minotaur Fighter began the quest for the
                  | Orb.
     0 | D        | Reached XP level 1. HP: 19/19 MP: 0/0
     0 | D        | Found a radiant altar of Vehumet.
     3 | D        | Found a stormy altar of Qazlal.
     4 | D        | Found an ancient bone altar of Kikubaaqudgha.
     4 | D        | Found a basalt altar of Yredelemnul.
     5 | D        | Found an iron altar of Okawaru.
     5 | D        | Round 1.
     6 | D        | Found a glowing golden altar of the Shining One.
     6 | D        | Found a snail-covered altar of Cheibriados.
     6 | D        | Found Qaqedu Seqo's Identification Station.
     7 | D        | Found Gaeptik's Jewellery.
     7 | D        | Found Nausear's Advanced Armour.
    15 | D        | Bought a brightly glowing amethyst amulet for 45 gold
                  | pieces
    15 | D        | Identified the amulet of Tamemepaw {rF+ Regen+ rCorr SInv
                  | Stlth-} (You bought it in a shop in the Dungeon)
    15 | D        | Bought a wavering marble ring for 45 gold pieces
    15 | D        | Identified the ring "Teiddats" {rElec rF- EV+4 SInv} (You
                  | bought it in a shop in the Dungeon)
    15 | D        | Bought a wavering silver ring for 45 gold pieces
    15 | D        | Identified the ring of Fehet Ulirue {*Slow Will+ EV+4 Str+2
                  | Dex+5} (You bought it in a shop in the Dungeon)
    26 | D        | Found a glowing silver altar of Zin.
    27 | D        | Found a sacrificial altar of Ru.
    28 | D        | Found Zakaykk's Premium Goods.
    29 | D        | Found Hecoemaquha's Miscellaneous Merchandise.
    29 | D        | Found Hoununoc's Basic Armour.
    30 | D        | Found an ornate altar of the Wu Jian Council.
    30 | D        | Found Vilerr's Weapon Rack.
    38 | D        | Bought a +0 cloak for 54 gold pieces
    77 | D        | Noticed a scorpion
    84 | D        | Killed a scorpion
    85 | D        | Reached skill level 5 in Fighting
    85 | D        | Reached skill level 3 in Long Blades
    85 | D        | Reached skill level 5 in Shields
    85 | D        | Reached XP level 2. HP: 30/30 MP: 1/1
    85 | D        | Reached XP level 3. HP: 37/37 MP: 2/2
    91 | D        | Found a blossoming altar of Fedhas.
    92 | D        | Found a bloodstained altar of Trog.
    92 | D        | Found an opulent altar of Gozag.
    92 | D        | Found a hide-covered altar of Uskayaw.
    92 | D        | Found Exuthru's Magic Scroll Shop.
    92 | D        | Found Atipsix's Staff Store.
    93 | D        | Found Uvant's Magic Scroll Shop.
    93 | D        | Found Busm's Must-Have Magic.
    96 | D        | Found a shadowy altar of Dithmenos.
    97 | D        | Found a corrupted altar of Lugonu.
   133 | D        | Noticed a scorpion
   134 | D        | Noticed a killer bee
   138 | D        | Noticed a scorpion
   143 | D        | Killed a scorpion
   143 | D        | Noticed a killer bee
   144 | D        | Reached skill level 4 in Long Blades
   144 | D        | Reached XP level 4. HP: 13/45 MP: 3/3
   160 | D        | Reached skill level 5 in Long Blades
   160 | D        | Reached skill level 1 in Dodging
   160 | D        | Reached XP level 5. HP: 50/52 MP: 4/4
   170 | D        | Arena points: 12 (+12) [x2]
   171 | D        | Reached skill level 6 in Long Blades
   171 | D        | Reached XP level 6. HP: 57/61 MP: 5/5
   196 | D        | Round 2.
   244 | D        | Found a shimmering altar of Xom.
   257 | D        | Found a burning altar of Makhleb.
   259 | D        | Found Xesogil's Do-It-Yourself Clinic.
   260 | D        | Found Yrchac's Bottled Wisdom.
   260 | D        | Found Qiuph's Distillery.
   260 | D        | Found a shimmering blue altar of Sif Muna.
   260 | D        | Found Seenel's Distillery.
   290 | D        | Arena points: 54 (+42) [x3]
   337 | D        | Round 3.
   360 | D        | Reached skill level 7 in Long Blades
   420 | D        | Noticed a wraith
   445 | D        | Killed a wraith
   445 | D        | Arena points: 138 (+84) [x4]
   446 | D        | Reached skill level 8 in Long Blades
   446 | D        | Reached skill level 10 in Armour
   446 | D        | Reached XP level 7. HP: 70/70 MP: 6/6
   489 | D        | Round 4.
   490 | D        | Noticed a fire bat
   490 | D        | Noticed a fire bat
   490 | D        | Noticed a fire bat
   491 | D        | Noticed a fire bat
   491 | D        | Noticed a fire bat
   491 | D        | Noticed a fire bat
   494 | D        | Noticed a fire bat
   497 | D        | Killed a fire bat
   498 | D        | Reached skill level 9 in Long Blades
   498 | D        | Reached skill level 5 in Dodging
   498 | D        | Reached skill level 10 in Shields
   498 | D        | Killed a fire bat
   499 | D        | Reached skill level 10 in Fighting
   499 | D        | Reached skill level 10 in Long Blades
   499 | D        | Killed a fire bat
   500 | D        | Reached XP level 8. HP: 58/79 MP: 7/7
   503 | D        | Reached skill level 11 in Long Blades
   509 | D        | Reached skill level 12 in Long Blades
   515 | D        | Arena points: 298 (+160) [x5]
   531 | D        | Bought a pair of scorched gloves for 332 gold pieces
   531 | D        | Identified the +0 pair of gloves of the Equator {rPois
                  | rCorr Int-3 Dex+2} (You bought it in a shop in the Dungeon)
   572 | D        | Round 5.
   580 | D        | Noticed the 27-headed Lernaean hydra
   587 | D        | Slain by the 27-headed Lernaean hydra

Illustrated notes

Levels and vault maps discovered:
D:        arena_sprint

Skill      XL: |  1  2  3  4  5  6  7  8 |
---------------+-------------------------+-----
Fighting       | 5 6 7 8 9 10 | 10.9
Long Blades    | 3 4 5 6 8 10 12 | 12.5
Armour         | 6 7 8 9 10 11 | 11.0
Shields        | 5 6 7 8 9 10 11 | 11.2
Dodging        | 1 2 4 5 6 |  6.8
Stealth        | |  0.2

Action                   |  1- 3 |  4- 6 |  7- 9 || total
-------------------------+-------+-------+-------++-------
Melee: Long sword        |    11 |    73 |       ||    84
       Headbutt          |     1 |    13 |     6 ||    20
       Great sword       |       |       |    17 ||    17
Evoke: Wand              |       |       |     1 ||     1
  Use: Potion            |       |     2 |       ||     2
Armor: Scale mail        |     6 |    28 |    28 ||    62
Dodge: Dodged            |    14 |    81 |    59 ||   154
Block: Buckler           |     6 |    25 |       ||    31
